 Dungeon Crawl Stone Soup version 0.28-a0-957-g42eb19b844 (webtiles) character file.

Game seed: 6333218248532669189

103 Goblin1989 the Magician (level 4, -3/48 HPs)
             Began as a Demonspawn Transmuter on Nov 30, 2021.
             Slain by an ufetubus (5 damage)
             ... on level 3 of the Dungeon.
             The game lasted 00:10:37 (3457 turns).

Goblin1989 the Magician (Demonspawn Transmuter)     Turns: 3457, Time: 00:10:38

Health: -3/48      AC:  2    Str: 12    XL:     4   Next: 51%
Magic:  6/8        EV: 19    Int: 15    God:
Gold:   94         SH:  4    Dex: 18    Spells: 5/9 levels left

rFire   . . .      SeeInvis .     - Unarmed
rCold   . . .      Faith    .   (shield currently unavailable)
rNeg    . . .      Spirit   .   (armour currently unavailable)
rPois   x          Reflect  .   (helmet currently unavailable)
rElec   .          Harm     .   (cloak currently unavailable)
rCorr   .          Rampage  .   (gloves currently unavailable)
Will    .....                   (boots currently unavailable)
Stlth   ..........              (no amulet)
HPRegen 0.16/turn               (no ring)
MPRegen 0.11/turn               (no ring)

@: berserking, lethally poisoned (-3 -> -7), spider-form, very quick
A: venomous fangs, tiny, (sharp scales 1), condensation shield, (demonic touch
1)
a: End Transformation


You were on level 3 of the Dungeon.
You were a venomous arachnid creature.
You visited 1 branch of the dungeon, and saw 3 of its levels.

You collected 94 gold pieces.

Inventory:

Armour
 a - a +0 robe (melded)
 b - a +0 cloak
Jewellery
 r - an amulet of regeneration
Scrolls
 c - 4 scrolls of identify {unknown}
 f - a scroll of vulnerability {unknown}
 g - a scroll of enchant armour {unknown}
 s - a scroll of teleportation {unknown}
 t - a scroll of blinking {unknown}
Potions
 d - a potion of curing {unknown}
 e - a potion of berserk rage


   Skills:
 - Level 1.0 Fighting
 - Level 1.7 Dodging
 - Level 2.6 Unarmed Combat
 - Level 3.0 Spellcasting
 - Level 3.0 Transmutations
 + Level 2.2 Poison Magic


You had 5 spell levels left.
You knew the following spells:

 Your Spells              Type           Power      Damage    Failure   Level
a - Beastly Appendage     Tmut           22%        N/A       17%         1
b - Spider Form           Tmut/Pois      10%        N/A       41%         3

Your spell library contained the following spells:

 Spells                   Type           Power      Damage    Failure   Level
 Wereblood                Tmut           11%        N/A       22%         2
 Ice Form                 Ice/Tmut       6%         N/A       87%         4


Dungeon Overview and Level Annotations

Branches:
Dungeon (3/15)

Altars:


Innate Abilities, Weirdness & Mutations

You are a venomous arachnid creature.
You have poisonous fangs.
You are tiny and dextrous.
Your spellcasting is less reliable in this form.
Your armour is entirely melded.
You are incapable of wielding weapons or throwing items.
((You are partially covered in razor-sharp scales. (AC +1, Slay +1)))
A meltable shield of frost defends you. (SH +4)
((Your touch may inflict minor irresistible damage on your foes.))


Message History

Your +0 robe melds into your body.
The orc shouts!
You now have 4/8 mp.
Unknown command.
You barely miss the orc. The orc misses you.
You barely miss the orc. The orc closely misses you.
A goblin comes into view. It is wielding a +0 club.
The goblin shouts!
You bite the orc!
You kill the orc!
Things that are here:
a +0 flail; a +0 ring mail; an orc corpse
Things that are here:
a +0 flail; a +0 ring mail; an orc corpse The goblin completely misses you.
You barely miss the goblin. The goblin hits you with a +0 club.
You take 1 damage, and have 30/32 hp.
You hit the goblin but do no damage.
The goblin is poisoned.
The goblin completely misses you.
You hit the goblin.
You kill the goblin!
You now have 94 gold pieces (gained 6).
You see here a +0 club.
Your transformation is almost over.
Items here: ( )) [ †.
Health restored: 32 Your transformation has ended.
Your +0 robe unmelds from your body.
MP restored: 8
There is a stone staircase leading up here.
You start waiting.
An orc comes into view.
It is wielding a +2 short sword of venom.
Casting: Spider Form (quite dangerous; 21% risk of failure)
Confirm with . or Enter, or press ? or * to list all spells.
The spell is quite dangerous to miscast (21% risk of failure)!
Continue anyway?
You turn into a venomous arachnid creature.
Your +0 robe melds into your body.
The orc shouts!
You now have 5/8 mp.
Unknown command.
The orc hits you with a +2 short sword of venom!
You are poisoned.
You take 7 damage, and have 25/32 hp.
MASSIVE DAMAGE!!
You hit the orc.
The orc is poisoned.
The orc is lightly wounded.
You feel very sick. The orc barely misses you.
You take 5 damage, and have 20/32 hp.
You hit the orc.
You kill the orc!
You feel very sick.
You take 4 damage, and have 16/32 hp.
You are too injured to fight recklessly!
You are too injured to fight recklessly!
You are too injured to fight recklessly!
You are too injured to fight recklessly!
You are too injured to fight recklessly!
You are too injured to fight recklessly!
You are too injured to fight recklessly!
You are too injured to fight recklessly!
You are too injured to fight recklessly!
You are too injured to fight recklessly!
You are too injured to fight recklessly!
An ufetubus comes into view.
* * * LOW HITPOINT WARNING * * *
You feel very sick.
Things that are here:
a +2 short sword of venom; a +0 chain mail You take 3 damage, and have 13/32 hp.
You hit the ufetubus.
The ufetubus is lightly wounded.
* * * LOW HITPOINT WARNING * * *
You feel sick. The ufetubus barely misses you. x2
You take 2 damage, and have 11/32 hp.
You barely miss the ufetubus.
The ufetubus is lightly wounded.
* * * LOW HITPOINT WARNING * * *
You feel sick. The ufetubus misses you. The ufetubus hits you.
* * * LOW HITPOINT WARNING * * *
The ufetubus misses you.
The ufetubus hits you but does no damage.
You take 3 damage, and have 8/32 hp.
You completely miss the ufetubus.
The ufetubus is lightly wounded.
* * * LOW HITPOINT WARNING * * *
You feel sick. The ufetubus closely misses you. The ufetubus barely misses you.
You take 1 damage, and have 7/32 hp.
You hit the ufetubus but do no damage.
* * * LOW HITPOINT WARNING * * *
You feel sick. The ufetubus misses you. The ufetubus barely misses you.
The ufetubus hits you but does no damage.
The ufetubus hits you.
* * * LOW HITPOINT WARNING * * *
You take 5 damage, and have 2/32 hp.
It was a potion of berserk rage.
A red film seems to cover your vision as you go berserk!
You feel yourself moving faster!
You feel mighty!
* * * LOW HITPOINT WARNING * * *
You feel sick. The ufetubus barely misses you. The ufetubus hits you.
You die... ████

......█........█ ██..███
...██████..██.██
..wg.w██....█ █.███.█
..██........█ ██.....█
.████.....███████...████
.██ █.....█ █......███
..█ ......█ █........█
......██.██
████5███..... ██..███..█
██..s.█ ████..
.████...██ ██..8..██
........█ █.......██..
.....██.█ .█.....8....█
........██.█..<......██
.......██..█.....8..██
.......█..██.......██
.....██.>█ ██..8..██
█...██..██████...███


You could see an ufetubus.

Vanquished Creatures
  4 adders
  A worm (D:2)
  3 dart slugs
  4 orcs (D:3)
  6 ball pythons
  4 bats
  3 endoplasms
  2 giant cockroaches
  5 hobgoblins
  3 jackals (D:2)
  4 kobolds
  3 quokkas
  2 frilled lizards
  4 goblins
  4 rats (D:1)
52 creatures vanquished.

Notes
Turn   | Place    | Note
-------+----------+-------------------------------------------
     0 | D:1      | Goblin1989 the Demonspawn Transmuter began the quest for
                  | the Orb.
     0 | D:1      | Reached XP level 1. HP: 15/15 MP: 3/3
   207 | D:1      | Gained mutation: You are partially covered in razor-sharp
                  | scales. (AC +1, Slay +1) [demonic ancestry]
   207 | D:1      | Reached XP level 2. HP: 18/21 MP: 2/5
   520 | D:1      | Found a faded altar of an unknown god.
  1012 | D:2      | Gained mutation: A meltable shield of frost defends you.
                  | (SH +4) [demonic ancestry]
  1012 | D:2      | Reached XP level 3. HP: 22/26 MP: 5/7
  1016 | D:2      | Learned a level 3 spell: Spider Form
  1796 | D:2      | Reached skill level 1 in Poison Magic
  2269 | D:3      | Gained mutation: Your touch may inflict minor irresistible
                  | damage on your foes. [demonic ancestry]
  2269 | D:3      | Reached XP level 4. HP: 19/32 MP: 6/8
  3457 | D:3      | HP: 2/48 [poisoned by an orc]
  3457 | D:3      | Slain by an ufetubus

Illustrated notes

Levels and vault maps discovered:
D:1:      dpeg_chamrin_arrival_tetris, layout_loops_ring,
          hellmonk_ecumenical_altar_leap_of_faith
D:2:      layout_basic, supply_closet_lemuel
D:3:      layout_rooms, minmay_misc_feat_iff, grunt_ministairs_9,
          kennysheep_generic_room_9

Skill      XL: |  1  2  3  4 |
---------------+-------------+-----
Transmutations | 2 3 |  3.0
Spellcasting   | 3 |  3.0
Poison Magic   | 1 2 |  2.2
Fighting       | |  1.0
Dodging        | |  1.7
Unarmed Combat | |  2.6

Action                   |  1- 3 |  4- 6 || total
-------------------------+-------+-------++-------
Melee: Unarmed           |   113 |    42 ||   155
       Kick              |    14 |     1 ||    15
       Headbutt          |    11 |       ||    11
       Punch             |     2 |       ||     2
 Cast: Beastly Appendage |    27 |     3 ||    30
       Spider Form       |     2 |     6 ||     8
  Use: Potion            |       |     1 ||     1
Armor: Robe              |    18 |     2 ||    20
       Skin              |       |     5 ||     5
Dodge: Dodged            |    59 |    31 ||    90
Block: Other             |     9 |     5 ||    14

Table legend: (Time is in decaauts)
 A = Elapsed time spent in this place.
 B = Non-inter-level travel time spent in this place.
 C = Inter-level travel time spent in this place.
 D = Time resting spent in this place.
 E = Time spent auto-exploring this place.
 F = Levels seen in this place.
 G = Mean time per level.
                   A        B        C        D        E       F      G
               +--------+--------+--------+--------+--------+-----+--------+
         Total |   3454 |   3325 |    129 |   1243 |   1586 |   3 | 1151.3 |
       Dungeon |   3454 |   3325 |    129 |   1243 |   1586 |   3 | 1151.3 |
               +--------+--------+--------+--------+--------+-----+--------+

Top non-repeatable levels by time:
     D:2: 1450 daAuts
     D:1: 1162 daAuts
     D:3: 841 daAuts
